 Dungeon Crawl Stone Soup version 0.30-a0-561-g1b0378597e (webtiles) character file.

Game seed: 3803266947892808569

393 M4edhros the Poker (level 6, -1/20 HPs)
             Began as an Octopode Chaos Knight on Dec 28, 2022.
             Was a Priest of Zin.
             Slain by flinch's ghost (10 damage)
             ... on level 4 of the Dungeon.
             The game lasted 00:07:55 (12600 turns).

M4edhros the Poker (Octopode Chaos Knight)         Turns: 12600, Time: 00:07:56

Health: -1/20      AC:  3    Str: 12      XL:     6   Next: 81%
Magic:  5/5        EV: 14    Int: 11 (12) God:    Zin [***...]
Gold:   381        SH:  0    Dex: 13      Spells: 5/5 levels left

rFire   + . .      SeeInvis .    u - +0 trident
rCold   + . .      Faith    .    (no shield)
rNeg    . . .      Spirit   .    (helmet restricted)
rPois   .          Reflect  .    (no amulet)
rElec   .          Harm     .    o - ring of flight
rCorr   .          Rampage  .    (no ring)
Will    .....                    (no ring)
Stlth   ++                       (no ring)
HPRegen 0.23/turn                (no ring)
MPRegen 0.09/turn                (no ring)
                                 (no ring)
                                 (no ring)

@: flying, unable to drink
A: almost no armour, amphibious, 8 rings, camouflage 1, gelatinous body 1,
(nimble swimmer 1), tentacles, iridescent scales 1, cold resistance 1, dopey 1,
fire resistance 1, frail 2, low MP 1, screaming 1, inability to drink after
injury 1
a: Renounce Religion, Recite, Vitalisation, Imprison, Donate Gold


You were on level 4 of the Dungeon.
You worshipped Zin.
Zin was most pleased with you.
You visited 2 branches of the dungeon, and saw 6 of its levels.

You collected 423 gold pieces.
You donated 42 gold pieces to Zin.

Inventory:

Hand Weapons
 t - a +0 sling
 u - a +0 trident (weapon)
Missiles
 c - a throwing net
 m - 14 poisoned darts
Jewellery
 o - a ring of flight (left tentacle)
Wands
 q - a wand of flame (26)
Scrolls
 a - a scroll of acquirement {unknown}
 f - 5 scrolls of identify {unknown}
 j - a scroll of poison {unknown}
 k - 2 scrolls of enchant weapon {unknown}
 n - 3 scrolls of teleportation {unknown}
 s - a scroll of enchant armour {unknown}
Potions
 d - 2 potions of attraction {unknown}
 e - a potion of brilliance {unknown}
 g - 3 potions of curing
 h - a potion of heal wounds {unknown}
 i - 4 potions of lignification {unknown}
 l - a potion of might {unknown}
 p - 2 potions of mutation {unknown}
 r - a potion of haste {unknown}
Miscellaneous
 b - a piece from Xom's chessboard (15/15) (quivered)


   Skills:
 - Level 4.5 Fighting
 - Level 5.4 Polearms
 + Level 4.2 Dodging
 + Level 0.2 Stealth
 * Level 0.3 Invocations


You had 5 spell levels left.
You didn't know any spells.
Your spell library contained the following spells:

 Spells                   Type           Power      Damage    Failure   Level
 Magic Dart               Conj           0%         1d3       34%         1
 Momentum Strike          Conj/Tloc      0%         3d8       47%         2
 Dazzling Flash           Conj/Hex       0%         N/A       71%         3
 Hailstorm                Conj/Ice       0%         3d3       71%         3
 Flame Wave               Conj/Fire      0%         2d4       98%         4
 Agony                    Necr           0%         N/A       100%        5
 Blade Hands              Tmut           0%         N/A       100%        5
 Silence                  Hex/Air        0%         N/A       100%        5
 Iron Shot                Conj/Erth      0%         9d1       100%        6
 Animate Armour           Summ/Erth      Unusable   N/A       N/A         4

Dungeon Overview and Level Annotations

Branches:
Dungeon (5/15)             Temple (1/1) D:5 Zot: 720

Altars:
Dithmenos
Elyvilon
Fedhas
Gozag
Hepliaklqana
Kikubaaqudgha
Makhleb
Nemelex Xobeh
Okawaru
Ru
Trog
Vehumet
Wu Jian
Xom
Zin
The Shining One

Shops:
D:1 (   D:4 =

Annotations:
D:4 flinch's ghost, weakling DsDe


Innate Abilities, Weirdness & Mutations

You cannot wear most types of armour.
You are amphibious.
You can wear up to eight rings at the same time.
Your skin changes colour to match your surroundings (Stealth+).
Your rubbery body absorbs attacks. (AC +1, EV +1)
((You are camouflaged when in or above water. (Stealth+)))
You have tentacles for arms and can constrict up to eight enemies at once.
You are partially covered in iridescent scales. (AC +2)
Your flesh is cold resistant. (rC+)
You are dopey. (Int -2)
Your flesh is heat resistant. (rF+)
You are very frail. (-20% HP)
Your magical capacity is low. (-10% MP)
You occasionally shout uncontrollably at your foes.
You occasionally lose the ability to drink potions when taking damage.


Message History

No target in view!
No target in view!
No target in view!
No target in view!
There is a stone staircase leading down here.
Flinch's ghost turns its malevolent gaze towards you.
No reachable target in view!
Could not explore, unopened runed door.
No reachable target in view!
Could not explore, unopened runed door.
No reachable target in view!
As you open the door, it creaks loudly!
Flinch's ghost wails, "Death is your only future!"
There is an open translucent door here.
Flinch's ghost is nearby!
You hit flinch's ghost but do no damage.
Flinch's ghost barely misses you.
You hit flinch's ghost but do no damage.
Flinch's ghost misses you.
You hit flinch's ghost.
Flinch's ghost is lightly damaged.
Flinch's ghost hits you!
Ouch! That really hurt!
Aiming: Throw Flame
Press: ? - help, Shift-Dir - straight line, f - flinch's ghost
Aim: flinch's ghost (lightly damaged, 64% to hit)
The puff of flame hits flinch's ghost!
Flinch's ghost is severely damaged.
Flinch's ghost is engulfed in a cloud of scalding steam.
Flinch's ghost closely misses you.
Aiming: Throw Flame
Press: ? - help, Shift-Dir - straight line, f/p - flinch's ghost
Aim: flinch's ghost (steam, almost destroyed, 64% to hit)
The puff of flame misses flinch's ghost.
Flinch's ghost is engulfed in a cloud of scalding steam.
Flinch's ghost hits you!
You feel threatened and lose the ability to drink potions!
Ouch! That really hurt!
You die...
Xom yawns loudly!

#####.~.#........#.# #####.#
....#~..#........#.#######.....#
#####~..#.....#####........###.##
l~~...~.#####.#./.#..............
..###~.# #.#.~.#....PP....####
#~#.#l ###.~.#....####..#..#
###.##### #.§.#....#..)..#..#
........# #.W.####.#..#..##'#
........# ##@## #.####..#)(#
........# #...# #.......#..#
.#.###### #...# #....P..##'# ...#
##.#####.####...#.. ##.##
#.......#..#.⌠.).. #..#
######..#.[)...#.. #..###
#..#####..### #....#
#..#...#..... #.##.#
#..#..)'.....


You could see flinch's ghost.

Vanquished Creatures
  An ogre (D:5)
  Blork the orc (D:5)
  2 gnolls (D:3)
  7 adders
  3 worms
  3 dart slugs
  8 orcs
  5 endoplasms
  3 giant cockroaches
  5 goblins
  15 hobgoblins
  3 jackals (D:4)
  5 kobolds
  4 quokkas
  6 ball pythons
  4 bats
  2 frilled lizards
  7 rats
84 creatures vanquished.

Vanquished Creatures (collateral kills)
  A scorpion (D:4)
1 creature vanquished.

Vanquished Creatures (others)
  2 gnolls (D:3)
  A hobgoblin (D:3)
  A rat (D:3)
  4 fungi (D:4)
  A plant (D:1)
9 creatures vanquished.

Grand Total: 94 creatures vanquished

Notes
Turn   | Place    | Note
-------+----------+-------------------------------------------
     0 | D:1      | M4edhros the Octopode Chaos Knight began the quest for the
                  | Orb.
     0 | D:1      | Reached XP level 1. HP: 16/16 MP: 1/1
    96 | D:1      | XOM: divination: magic mapping
   151 | D:1      | XOM: silly message
   239 | D:1      | Found Saimim's Antique Weapon Boutique.
   269 | D:1      | XOM: smoke on damage
   271 | D:1      | Reached XP level 2. HP: 14/21 MP: 2/2
   364 | D:1      | Got the Almanac of Traumaturgy
   435 | D:1      | XOM is BORED!
   435 | D:1      | XOM: noise
   491 | D:1      | XOM: silly message
   569 | D:2      | Reached XP level 3. HP: 24/26 MP: 3/3
   617 | D:2      | XOM: god gift: 34 gold pieces
   876 | D:3      | XOM: cast spell 'Monstrous Menagerie'
   951 | D:3      | XOM: destruction
   963 | D:3      | XOM: polymorph rat -> hobgoblin
  1017 | D:3      | XOM: noise
  1043 | D:3      | XOM: cast spell 'Summon Small Mammal'
  1057 | D:3      | XOM: divination: detect creatures
  1110 | D:4      | Reached XP level 4. HP: 29/31 MP: 4/4
  1140 | D:4      | Reached skill level 4 in Polearms
  1178 | D:4      | Found a radiant altar of Vehumet.
  1180 | D:4      | Found a glowing silver altar of Zin.
  1211 | D:4      | Found Dufo's Jewellery Boutique.
  1238 | D:4      | Noticed a scorpion
  1343 | D:4      | XOM: 1-stop teleportation journey
  1420 | D:4      | XOM: give mutation
  1420 | D:4      | Gained mutation: You occasionally shout uncontrollably at
                  | your foes. [Xom's mischief]
  1432 | D:5      | Entered Level 5 of the Dungeon
  1482 | D:5      | Noticed Blork the orc
  1488 | D:5      | Killed Blork the orc
  1489 | D:5      | Reached XP level 5. HP: 29/37 MP: 5/5
  1621 | D:5      | Noticed an ogre
  1632 | D:5      | Killed an ogre
  1633 | D:5      | Reached skill level 5 in Polearms
  1633 | D:5      | Reached XP level 6. HP: 43/43 MP: 6/6
  1759 | D:5      | Found a staircase to the Ecumenical Temple.
  1770 | Temple   | Entered the Ecumenical Temple
  1965 | Temple   | XOM: god gift: potion of curing
  2577 | Temple   | XOM: noise
  3123 | Temple   | XOM: divination: magic mapping
  3227 | Temple   | XOM: 3-stop teleportation journey
  3292 | Temple   | XOM: stat loss: -1 Int (13/14)
  3727 | Temple   | XOM: give mutations
  3727 | Temple   | Gained mutation: You passively dampen the noise of your
                  | surroundings. [Xom's mischief]
  3727 | Temple   | Lost mutation: You occasionally shout uncontrollably at
                  | your foes. [Xom's mischief]
  3727 | Temple   | Gained mutation: You are weak. (Str -2) [Xom's mischief]
  3727 | Temple   | Gained mutation: Your magical capacity is low. (-10% MP)
                  | [Xom's mischief]
  4469 | Temple   | XOM is BORED!
  4469 | Temple   | XOM: give mutations
  4469 | Temple   | Lost mutation: You are weak. (Str -2) [Xom's mischief]
  4469 | Temple   | Lost mutation: You passively dampen the noise of your
                  | surroundings. [Xom's mischief]
  4469 | Temple   | Gained mutation: You are clumsy. (Dex -2) [Xom's mischief]
  5530 | Temple   | XOM: 1-stop teleportation journey
  5820 | Temple   | XOM: summons 4 hostile demons
  6268 | Temple   | XOM: summons 4 hostile demons
  6269 | Temple   | Noticed a smoke demon
  6413 | Temple   | XOM: 2-stop teleportation journey
  6558 | Temple   | XOM: give mutations
  6558 | Temple   | Gained mutation: You are frail. (-10% HP) [Xom's mischief]
  6558 | Temple   | Gained mutation: You are dopey. (Int -2) [Xom's mischief]
  6982 | Temple   | Glimpsed the power of Zot.
  7271 | Temple   | XOM: summons 4 hostile demons
  7272 | Temple   | Noticed a chaos spawn
  7272 | Temple   | Noticed a rust devil
  7442 | Temple   | XOM: noise
  7460 | Temple   | XOM: silly message
  7529 | Temple   | XOM: give mutations
  7529 | Temple   | Gained mutation: Your flesh is cold resistant. (rC+) [Xom's
                  | mischief]
  7529 | Temple   | Gained mutation: You are very frail. (-20% HP) [Xom's
                  | mischief]
  7529 | Temple   | Gained mutation: You occasionally lose the ability to drink
                  | potions when taking damage. [Xom's mischief]
  7529 | Temple   | Gained mutation: You occasionally shout uncontrollably at
                  | your foes. [Xom's mischief]
  7570 | Temple   | XOM: silly message
  7584 | Temple   | Glimpsed the power of Zot.
  7882 | Temple   | XOM: 1-stop teleportation journey
  7984 | Temple   | Glimpsed the power of Zot.
  8084 | Temple   | Touched by the power of Zot.
  8085 | Temple   | Glimpsed the power of Zot.
  8459 | Temple   | XOM: scenery: summon butterflies
  8471 | Temple   | XOM is BORED!
  8471 | Temple   | XOM: polymorph butterfly -> giant cockroach
  8585 | Temple   | Glimpsed the power of Zot.
  8600 | Temple   | XOM: silly message
  8985 | Temple   | Glimpsed the power of Zot.
  9067 | Temple   | XOM: silly message
  9086 | Temple   | Touched by the power of Zot.
  9087 | Temple   | Glimpsed the power of Zot.
  9587 | Temple   | Glimpsed the power of Zot.
  9987 | Temple   | Glimpsed the power of Zot.
 10086 | Temple   | Touched by the power of Zot.
 10087 | Temple   | Glimpsed the power of Zot.
 10245 | Temple   | XOM: give mutation
 10245 | Temple   | Lost mutation: You are clumsy. (Dex -2) [Xom's mischief]
 10365 | Temple   | XOM: give mutations
 10365 | Temple   | Gained mutation: You possess an exceptional clarity of
                  | mind. [Xom's grace]
 10365 | Temple   | Gained mutation: Your flesh is heat resistant. (rF+) [Xom's
                  | grace]
 10365 | Temple   | Gained mutation: You are partially covered in iridescent
                  | scales. (AC +2) [Xom's grace]
 10399 | D:4      | XOM: summons 3 friendly demons
 10406 | D:4      | Fell from the grace of Xom
 10406 | D:4      | Became a worshipper of Zin the Law-Giver
 10406 | D:4      | Reached * piety under Zin
 10468 | D:3      | Was placed under penance by Zin
 10666 | D:2      | Was forgiven by Zin
 10795 | D:1      | XOM: god gift: 56 gold pieces
 10796 | D:1      | Reached ** piety under Zin
 10901 | D:1      | XOM: god gift: 28 gold pieces
 10920 | D:1      | Reached *** piety under Zin
 11929 | D:2      | XOM: give mutation
 11929 | D:2      | Lost mutation: You possess an exceptional clarity of mind.
                  | [Xom's mischief]
 12275 | D:4      | Found a runed translucent door.
 12278 | D:4      | Noticed flinch's ghost (weakling DsDe)
 12452 | D:4      | XOM: silly message
 12553 | D:4      | XOM: silly message
 12600 | D:4      | Slain by flinch's ghost

Illustrated notes

Levels and vault maps discovered:
D:1:      dpeg_arrival_circle_labyrinth_c, layout_basic, serial_shops,
          nicolae_shop_overgrown_old_shop
D:2:      layout_basic
D:3:      layout_basic, serial_corexii_hall, chequers_hall_statues_wall_a,
          corexii_hall_statues_l, corexii_hall_statues_x,
          chequers_hall_statues_wall_a, portal_sewer_entry_d
D:4:      corexii_shack_village, layout_basic, jmf_multi_god_temple,
          serial_shops, shop, serial_aquarium, aquarium_bridge_long_separate
          [aquarium_subvault_bridge, aquarium_subvault_window,
          aquarium_subvault_window, aquarium_subvault_window,
          aquarium_subvault_balcony, aquarium_subvault_bridge],
          aquarium_window_1, aquarium_window_1, aquarium_view_2f,
          aquarium_view_2e, aquarium_balcony_1b, ebering_ghost_reflecting_pool
D:5:      layout_cave_pods, minmay_temple_entry_junction, uniq_blork_the_orc
Temple:   nicolae_temple_two_arcs

Skill      XL: |  1  2  3  4  5  6 |
---------------+-------------------+-----
Dodging        | 3 4 |  4.2
Polearms       | 4 5 |  5.4
Fighting       | 4 |  4.5
Stealth        | |  0.2
Invocations    | |  0.3

Action                   |  1- 3 |  4- 6 || total
-------------------------+-------+-------++-------
Melee: Spear             |    79 |    62 ||   141
       Constrict         |    12 |    33 ||    45
       Tentacles         |    13 |    35 ||    48
       Punch             |     1 |     3 ||     4
       Trident           |       |    41 ||    41
       Unarmed           |       |    39 ||    39
Evoke: Wand              |       |     9 ||     9
  Use: Potion            |     1 |       ||     1
 Stab: Sleeping          |     5 |    10 ||    15
       Petrified         |     1 |       ||     1
Armor: Skin              |     2 |    15 ||    17
Dodge: Dodged            |    20 |    86 ||   106

Table legend: (Time is in decaauts)
 A = Elapsed time spent in this place.
 B = Non-inter-level travel time spent in this place.
 C = Inter-level travel time spent in this place.
 D = Time resting spent in this place.
 E = Time spent auto-exploring this place.
 F = Levels seen in this place.
 G = Mean time per level.
                   A        B        C        D        E       F      G
               +--------+--------+--------+--------+--------+-----+--------+
         Total |  12591 |  12188 |    403 |   8509 |   2841 |   6 | 2098.5 |
       Dungeon |   4310 |   3937 |    373 |    308 |   2841 |   5 |  862.0 |
        Temple |   8280 |   8250 |     30 |   8201 |      0 |   1 | 8280.0 |
               +--------+--------+--------+--------+--------+-----+--------+

Top non-repeatable levels by time:
  Temple: 8280 daAuts
     D:4: 1030 daAuts
     D:1: 966 daAuts
     D:3: 934 daAuts
     D:2: 710 daAuts
     D:5: 668 daAuts
